 Dungeon Crawl Stone Soup version 0.30-a0-313-gae38170b09 (webtiles) character file.

Game seed: 8817772033249156406

25503 Kirkhe the Destroyer (level 12, -2/78 HPs)
             Began as a Demonspawn Hedge Wizard on Oct 26, 2022.
             Was an Elder of Vehumet.
             Hit by a silver javelin thrown by a minotaur (14 damage)
             ... in a Gauntlet.
             The game lasted 00:56:55 (17885 turns).

Kirkhe the Destroyer (Demonspawn Hedge Wizard)     Turns: 17885, Time: 00:56:56

Health: -2/78      AC:  8    Str: 20    XL:     12   Next: 90%
Magic:  28/37      EV: 12    Int: 19    God:    Vehumet [****..]
Gold:   1825       SH:  4    Dex: 17    Spells: 7/35 levels left

rFire   . . .      SeeInvis +    o - +1 hand axe (elec)
rCold   + . .      Faith    .    (no shield)
rNeg    . . .      Spirit   .    K - +0 robe {rC+}
rPois   +          Reflect  .    (helmet unavailable)
rElec   +          Harm     .    B - +0 cloak
rCorr   .          Rampage  .    q - +1 pair of gloves
Will    +++..      NoTele   +    w - +0 pair of boots of Music {rElec Will+ Str+4}
Stlth   ++........               k - amulet of the acrobat
HPRegen 0.33/turn                z - ring "Zali" {Will+ MP+9 Str+6 Slay+3}
MPRegen 0.25/turn                t - ring of poison resistance

@: no status effects
A: antennae 3, icy blue scales 1, powered by death 1, condensation shield, agile
1, strong-willed 1
a: Renounce Religion


You were in a Gauntlet.
You worshipped Vehumet.
Vehumet was greatly pleased with you.
You visited 3 branches of the dungeon, and saw 15 of its levels.
You also visited: Bailey and Gauntlet.

You collected 1825 gold pieces.

Inventory:

Hand Weapons
 o - a +1 hand axe of electrocution (weapon)
 I - a +0 war axe of flaming
Missiles
 y - 2 throwing nets
Armour
 c - a +2 ring mail of willpower
 m - the +2 ring mail of Beauty {Int+2}
   (You found it on level 2 of the Dungeon)

   Int:       It affects your intelligence (+2).
 q - a +1 pair of gloves (worn)
 w - the +0 pair of boots of Music (worn) {rElec Will+ Str+4}
   (You found it in a Gauntlet)

   Str:       It affects your strength (+4).
   rElec:     It insulates you from electricity.
   Will:      It increases your willpower.
 B - a +0 cloak (worn)
 G - a +3 leather armour
 K - a +0 robe of cold resistance (worn)
Jewellery
 k - an amulet of the acrobat (around neck)
 n - a ring of protection from cold
 p - a ring of positive energy
 t - a ring of poison resistance (right hand)
 z - the ring "Zali" (left hand) {Will+ MP+9 Str+6 Slay+3}
   (You found it in a Gauntlet)

   [ring of magical power]

   Str:       It affects your strength (+6).
   Slay:      It affects your accuracy & damage with ranged weapons and melee
   (+3).
   MP:        It affects your magic capacity (+9).
   Will:      It increases your willpower.
 A - a ring of positive energy
 D - a ring of flight
Wands
 j - a wand of charming (23)
 v - a wand of digging (9)
Scrolls
 b - a scroll of torment {unknown}
 e - 3 scrolls of fog
 f - 5 scrolls of teleportation
 g - 5 scrolls of immolation
 l - 5 scrolls of enchant armour
 u - 2 scrolls of amnesia
 x - 3 scrolls of blinking
 E - a scroll of summoning
 F - 2 scrolls of fear
 H - 7 scrolls of identify
 J - a scroll of enchant weapon
Potions
 a - 2 potions of lignification
 d - 2 potions of magic
 h - 2 potions of heal wounds
 i - 5 potions of curing
 r - 2 potions of haste
 C - a potion of invisibility
 M - a potion of brilliance
Miscellaneous
 s - a phantom mirror


   Skills:
 - Level 2.0 Fighting
 - Level 6.1 Axes
 - Level 1.7 Dodging
 - Level 1.7 Stealth
 - Level 2.8 Shields
 + Level 12.2 Spellcasting
 + Level 12.6 Conjurations
 - Level 5.2 Hexes
 - Level 1.0 Summonings
 + Level 0.8 Translocations
 * Level 0.3 Fire Magic
 - Level 4.1 Air Magic
 - Level 5.1 Earth Magic
 - Level 3.1 Poison Magic
 - Level 1.3 Evocations


You had 7 spell levels left.
You knew the following spells:

 Your Spells              Type           Power      Damage    Failure   Level
a - Magic Dart            Conj           100%       1d8       1%          1
b - Blink                 Tloc           30%        N/A       6%          2
c - Hailstorm             Conj/Ice       35%        3d9       1%          3
d - Mephitic Cloud        Conj/Pois/Air  36%        N/A       1%          3
e - Stone Arrow           Conj/Erth      90%        3d12      1%          3
f - Fulminant Prism       Conj/Hex       22%        3d13      1%          4
g - Iskenderun's Battles  Conj           56%        2d11      1%          5
h - Fireball              Conj/Fire      18%        3d9       3%          5
i - Sublimation of Blood  Necr           11%        N/A       9%          2

Your spell library contained the following spells:

 Spells                   Type           Power      Damage    Failure   Level
 Freeze                   Ice            44%        1d6       1%          1
 Slow                     Hex            100%       N/A       1%          1
 Poisonous Vapours        Pois/Air       50%        N/A       1%          2
 Static Discharge         Conj/Air       86%        2-6/arc   1%          2
 Inner Flame              Hex/Fire       22%        N/A       1%          3
 Arcjolt                  Conj/Air       21%        1d31      1%          5
 Lightning Bolt           Conj/Air       21%        1d36      1%          5
 Sting                    Tmut/Pois      68%        1d6       3%          1
 Cigotuvi's Dreadful Rot  Necr/Pois/Air  40%        N/A       3%          2
 Irradiate                Conj/Tmut      17%        3d17      3%          5
 Frozen Ramparts          Ice            22%        1d4       4%          3
 Olgreb's Toxic Radiance  Pois           23%        N/A       4%          4
 Lee's Rapid Deconstruct  Erth           15%        3d10*     5%          5
 Call Imp                 Summ           15%        N/A       6%          2
 Vhi's Electric Charge    Tloc/Air       42%        N/A       6%          3
 Cause Fear               Hex            15%        N/A       7%          4
 Leda's Liquefaction      Hex/Erth       15%        N/A       7%          4
 Orb of Destruction       Conj           28%        9d9       7%          7
 Conjure Ball Lightning   Conj/Air       21%        3x3d6     8%          6
 Gell's Gravitas          Tloc           15%        N/A       12%         3
 Lesser Beckoning         Tloc           30%        N/A       12%         3
 Teleport Other           Tloc           15%        N/A       12%         3
 Petrify                  Tmut/Erth      21%        N/A       21%         4
 Manifold Assault         Tloc           15%        N/A       38%         4
 Statue Form              Tmut/Erth      14%        N/A       97%         6
 Storm Form               Tmut/Air       9%         N/A       100%        7
 Discord                  Hex            15%        N/A       100%        8


Dungeon Overview and Level Annotations

Branches:
Dungeon (10/15)            Temple (1/1) D:5            Lair (4/5) D:10
  Swamp (0/4) Lair:2       Spider (0/4) Lair:3       Bailey (visited)
Gauntlet (1/1)
  Slime: Lair:4-5       Orc: D:9-12

Altars:
Ashenzari
Gozag
Kikubaaqudgha
Makhleb
Ru
Trog
Uskayaw
Vehumet
Yredelemnul

Shops:
D:9 [

Annotations:
D:8 Gastronok
D:9 3 runed translucent doors, exclusion: obsidian statue, Sickboy's ghost, novice DsFi
Lair:1 exclusion: oklob plant
Lair:2 3 runed translucent doors, exclusion: oklob plant, flt's ghost, journeyman DgTm
Lair:3 Nessos Gauntlet 8 transporters, 3 runed translucent doors, exclusion: orange crystal statue


Innate Abilities, Weirdness & Mutations

You have a pair of large antennae on your head. (SInv)
You are partially covered in icy blue scales. (AC +2)
You regenerate a little health from kills.
A meltable shield of frost defends you. (SH +4)
You are agile. (Dex +4, Str/Int -1)
You are strong-willed. (Will+)


Message History

You swap places.
You swap places.
You open the door.
A minotaur comes into view.
It is wielding a +5 vorpal war axe and quivering silver javelins.
The minotaur bellows!
The minotaur throws a silver javelin.
The silver javelin pierces through you. The silver sears you!
The silver javelin barely misses your battlesphere.
Found 4 javelins.
Found a gate leading back out of this place.
Casting: Iskenderun's Battlesphere (mildly dangerous; 1% risk of failure)
Confirm with . or Enter, or press ? or * to list all spells.
Okay, then.
Casting: Iskenderun's Battlesphere (mildly dangerous; 1% risk of failure)
Confirm with . or Enter, or press ? or * to list all spells.
Aiming: Stone Arrow (safe; 1% risk of failure)
Press: ? - help, Shift-Dir - straight line, f - minotaur
Aim: a minotaur, wielding a +5 vorpal war axe, wearing a +0 chain mail and quivering silver javelins (85% to hit)
The stone arrow hits the minotaur!
The minotaur is moderately wounded.
Your battlesphere fires!
The barrage of energy hits the minotaur but does no damage.
The minotaur is moderately wounded.
The minotaur throws a silver javelin.
The silver javelin pierces through your battlesphere!!
Your battlesphere is destroyed!
The silver javelin pierces through you!!
The silver sears you!
Casting: Stone Arrow (safe; 1% risk of failure)
Confirm with . or Enter, or press ? or * to list all spells.
Aiming: Stone Arrow (safe; 1% risk of failure)
Press: ? - help, Shift-Dir - straight line, f/p - minotaur
Aim: a minotaur, wielding a +5 vorpal war axe, wearing a +0 chain mail and quivering silver javelins (moderately wounded, 85% to hit)
The stone arrow hits the minotaur.
The minotaur is moderately wounded.
The minotaur throws a silver javelin.
The silver javelin pierces through you!!!
* * * LOW HITPOINT WARNING * * *
The silver sears you!
You die...

.......## ###
....8.####.... #.#
......≈##..##....#
###...##...##.##..
..#...#.......##.#
#.#...#.8©.##....#
..#...#....##.##.######
###.8.#.8©....##.○...H#
..#...#....##...@#
.##...#.8©.##.##....#
#©#...#.......##.##....#
###...##...##....# ##..
......≈##..##.##....
....8.####....##.##.
.......######....#
####...≈# ######
.8##...##


You could see a minotaur.

Vanquished Creatures
  A hell beast (Gauntlet)
  A hydra (Lair:3)
  Urug (D:10)
  Nergalle (Lair:2)
  Lodul (D:10)
  An orc knight (Bailey)
  Pikel (D:5)
  An elephant (Lair:4)
  Joseph (D:8)
  2 black mambas
  Psyche (D:8)
  A rime drake (Lair:2)
  6 cane toads
  8 komodo dragons
  A troll (D:10)
  3 meliai (Gauntlet)
  Grinder (D:5)
  13 blink frogs
  Sigmund (D:5)
  3 wyverns
  14 yaks
  Eustachio (D:4)
  2 basilisks (Lair:2)
  2 vampire mosquitoes (D:10)
  Grum (D:10)
  A steam dragon (D:8)
  2 hell hounds (Gauntlet)
  10 water moccasins
  Duvessa (D:5)
  2 ice beasts
  16 orc warriors
  4 sky beasts
  6 centaurs
  6 wolves
  8 ogres
  3 phantoms
  8 bullfrogs
  3 kobold brigands
  A necrophage (D:5)
  2 gnoll sergeants
  A scorpion (D:6)
  13 wights
  Dowan (D:5)
  8 killer bees
  A vampire bat (D:10)
  3 howler monkeys (D:7)
  3 electric eels (D:10)
  3 gnoll boudas
  A hound (D:4)
  2 jellies
  An orc priest (D:9)
  Crazy Yiuf (D:7)
  Jessica (D:3)
  3 iguanas
  4 orc wizards
  36 gnolls
  5 adders
  A shadow imp (D:6)
  A white imp (D:6)
  A worm (D:5)
  33 orcs
  4 bat skeletons (D:10)
  2 bat zombies (D:10)
  7 endoplasms
  4 giant cockroaches
  18 goblins
  18 hobgoblins
  4 jackals (D:4)
  4 quokkas
  4 ball pythons
  9 bats
  3 frilled lizards
  21 kobolds
  10 rats
  A fulminant prism (D:10)
374 creatures vanquished.

Vanquished Creatures (collateral kills)
  An orc warlord (Bailey)
  A hobgoblin (Bailey)
2 creatures vanquished.

Vanquished Creatures (others)
  16 fungi
  19 plants
35 creatures vanquished.

Grand Total: 411 creatures vanquished

Notes
Turn   | Place    | Note
-------+----------+-------------------------------------------
     0 | D:1      | Kirkhe the Demonspawn Hedge Wizard began the quest for the
                  | Orb.
     0 | D:1      | Reached XP level 1. HP: 13/13 MP: 4/4
   507 | D:1      | Gained mutation: You have a pair of small antennae on your
                  | head. [demonic ancestry]
   507 | D:1      | Reached XP level 2. HP: 19/19 MP: 6/6
   866 | D:1      | Learned a level 2 spell: Blink
  1371 | D:2      | Reached XP level 3. HP: 15/24 MP: 0/8
  1489 | D:2      | Identified the +2 ring mail of Beauty {Int+2}
  2381 | D:3      | Reached XP level 4. HP: 30/30 MP: 10/10
  2664 | D:3      | Noticed a phantom
  2680 | D:3      | Killed a phantom
  2681 | D:3      | Gained mutation: A meltable shield of frost defends you.
                  | (SH +4) [demonic ancestry]
  2681 | D:3      | Reached XP level 5. HP: 27/35 MP: 0/11
  3037 | D:3      | Reached skill level 1 in Axes
  3044 | D:3      | Noticed Jessica
  3060 | D:3      | Killed Jessica
  3388 | D:4      | Noticed Eustachio
  3409 | D:4      | Killed Eustachio
  3410 | D:4      | Reached skill level 5 in Spellcasting
  3410 | D:4      | Gained mutation: You regenerate a little health from kills.
                  | [demonic ancestry]
  3410 | D:4      | Reached XP level 6. HP: 33/41 MP: 13/13
  4189 | D:4      | Gained mutation: You are partially covered in icy blue
                  | scales. (AC +2) [demonic ancestry]
  4189 | D:4      | Reached XP level 7. HP: 31/46 MP: 9/14
  4293 | D:4      | You fall into a shaft and drop 1 floor!
  4293 | D:5      | Entered Level 5 of the Dungeon
  4456 | D:4      | Learned a level 3 spell: Hailstorm
  4460 | D:4      | Learned a level 3 spell: Mephitic Cloud
  4584 | D:5      | Reached skill level 1 in Shields
  4760 | D:5      | Noticed Sigmund
  4766 | D:5      | Noticed Grinder
  4770 | D:5      | Killed Sigmund
  4782 | D:5      | Killed Grinder
  4783 | D:5      | Reached skill level 5 in Conjurations
  4783 | D:5      | Reached XP level 8. HP: 35/52 MP: 11/16
  5131 | D:5      | Noticed Duvessa
  5131 | D:5      | Noticed Dowan
  5347 | D:5      | Found a staircase to the Ecumenical Temple.
  5564 | Temple   | Entered the Ecumenical Temple
  5641 | Temple   | Became a worshipper of Vehumet
  5665 | D:5      | Noticed Pikel
  5688 | D:5      | Killed Pikel
  5689 | D:5      | Reached skill level 5 in Axes
  5689 | D:5      | Reached skill level 1 in Air Magic
  5812 | D:5      | Killed Duvessa
  5817 | D:5      | Killed Dowan
  6059 | D:6      | Reached XP level 9. HP: 48/57 MP: 15/18
  6500 | D:6      | Reached * piety under Vehumet
  6500 | D:6      | Offered knowledge of Sandblast by Vehumet.
  7755 | D:7      | Reached skill level 1 in Fighting
  8077 | D:7      | Found a runed translucent door.
  8078 | D:7      | Noticed Crazy Yiuf
  8166 | D:7      | Killed Crazy Yiuf
  8167 | D:7      | Gained mutation: You have a pair of antennae on your head.
                  | [demonic ancestry]
  8167 | D:7      | Reached XP level 10. HP: 41/64 MP: 15/21
  8307 | D:8      | Offered knowledge of Scorch by Vehumet.
  8323 | D:8      | Noticed Psyche
  8341 | D:8      | Found a flagged portal.
  8347 | D:8      | Reached ** piety under Vehumet
  8404 | D:8      | Gained mutation: Your body sometimes deteriorates upon
                  | taking damage. [potion of mutation]
  8405 | D:8      | Lost mutation: Your body sometimes deteriorates upon taking
                  | damage. [potion of mutation]
  8405 | D:8      | Gained mutation: You sometimes lose your temper in combat.
                  | [potion of mutation]
  8405 | D:8      | Gained mutation: You have an increased reservoir of magic.
                  | (+10% MP) [potion of mutation]
  8405 | D:8      | Gained mutation: You are frail. (-10% HP) [potion of
                  | mutation]
  8406 | D:8      | Lost mutation: You have an increased reservoir of magic.
                  | (+10% MP) [potion of mutation]
  8406 | D:8      | Lost mutation: You are frail. (-10% HP) [potion of
                  | mutation]
  8406 | D:8      | Lost mutation: You sometimes lose your temper in combat.
                  | [potion of mutation]
  8406 | D:8      | Gained mutation: Your mind is acute. (Int +4, Str/Dex -1)
                  | [potion of mutation]
  8406 | D:8      | Gained mutation: Your spells are a little easier to cast,
                  | but a little less powerful. [potion of mutation]
  8549 | Bailey   | Entered a bailey
  8651 | Bailey   | Offered knowledge of Stone Arrow by Vehumet.
  8686 | Bailey   | Learned a level 3 spell: Stone Arrow
  8875 | Bailey   | Reached *** piety under Vehumet
  8878 | Bailey   | Noticed an orc warlord
  8879 | Bailey   | Noticed an orc knight
  8963 | Bailey   | Offered knowledge of Olgreb's Toxic Radiance by Vehumet.
  9073 | Bailey   | Killed an orc warlord
  9163 | Bailey   | Killed an orc knight
  9164 | Bailey   | Reached skill level 1 in Evocations
  9410 | D:8      | Noticed Joseph
  9434 | D:8      | Killed Joseph
  9435 | D:8      | Reached skill level 1 in Earth Magic
  9523 | D:8      | Killed Psyche
  9711 | D:8      | Reached XP level 11. HP: 72/72 MP: 13/24
  9788 | D:8      | Lost mutation: Your spells are a little easier to cast, but
                  | a little less powerful. [potion of mutation]
  9788 | D:8      | Lost mutation: Your mind is acute. (Int +4, Str/Dex -1)
                  | [potion of mutation]
  9788 | D:8      | Gained mutation: Armour fits poorly on your strangely
                  | shaped body. [potion of mutation]
  9788 | D:8      | Gained mutation: Your magical capacity is low. (-10% MP)
                  | [potion of mutation]
  9938 | D:8      | Noticed Gastronok
 10003 | D:8      | Acquired 748 gold pieces
 10009 | D:9      | Found Geafeut's Antique Armour Shop.
 10040 | D:9      | Reached **** piety under Vehumet
 10173 | D:9      | Reached skill level 10 in Conjurations
 10394 | D:9      | Offered knowledge of Fulminant Prism by Vehumet.
 10401 | D:9      | Learned a level 4 spell: Fulminant Prism
 10817 | D:9      | Found a runed translucent gate.
 10817 | D:9      | Found a runed translucent gate.
 10817 | D:9      | Found a runed translucent gate.
 10818 | D:9      | Found an opulent altar of Gozag.
 10818 | D:9      | Noticed a deep elf knight
 10819 | D:9      | Noticed an obsidian statue
 10819 | D:9      | Noticed a centaur warrior
 10820 | D:9      | Noticed Sickboy's ghost (novice DsFi)
 10821 | D:9      | Noticed a skeletal warrior
 11324 | D:10     | Entered Level 10 of the Dungeon
 11423 | D:10     | Noticed Urug
 11562 | D:10     | Noticed Lodul
 11571 | D:10     | Killed Lodul
 11572 | D:10     | Reached skill level 10 in Spellcasting
 11847 | D:10     | Found a staircase to the Lair.
 11868 | D:10     | Identified the +9 trident of Eremp {holy, rPois Int-3 Dex+7
                  | Stlth+}
 11943 | D:10     | Killed Urug
 12062 | D:10     | Noticed Grum
 12071 | D:10     | Killed Grum
 12567 | D:10     | Found an ancient bone altar of Kikubaaqudgha.
 12657 | Lair:1   | Entered Level 1 of the Lair of Beasts
 12739 | Lair:1   | Reached ***** piety under Vehumet
 12846 | Lair:1   | Offered knowledge of Lee's Rapid Deconstruction by Vehumet.
 12847 | Lair:1   | Reached skill level 1 in Hexes
 13135 | Lair:1   | Noticed an oklob plant
 13500 | Lair:1   | Lost mutation: Armour fits poorly on your strangely shaped
                  | body. [potion of mutation]
 13500 | Lair:1   | Lost mutation: Your magical capacity is low. (-10% MP)
                  | [potion of mutation]
 13500 | Lair:1   | Gained mutation: You are agile. (Dex +4, Str/Int -1)
                  | [potion of mutation]
 13500 | Lair:1   | Gained mutation: You are strong-willed. (Will+) [potion of
                  | mutation]
 14035 | Lair:2   | Gained mutation: You have a pair of large antennae on your
                  | head. (SInv) [demonic ancestry]
 14035 | Lair:2   | Reached XP level 12. HP: 78/78 MP: 20/26
 14136 | Lair:2   | Learned a level 5 spell: Iskenderun's Battlesphere
 14161 | Lair:2   | Reached skill level 5 in Earth Magic
 14448 | Lair:2   | Found a staircase to the Swamp.
 14517 | Lair:2   | Noticed Nergalle
 14535 | Lair:2   | Killed Nergalle
 14785 | Lair:2   | Learned a level 5 spell: Fireball
 14788 | Lair:2   | Learned a level 2 spell: Sublimation of Blood
 14820 | Lair:2   | Found a runed translucent gate.
 14821 | Lair:2   | Found a runed translucent gate.
 14822 | Lair:2   | Found a runed translucent gate.
 14823 | Lair:2   | Noticed flt's ghost (journeyman DgTm)
 15674 | Lair:2   | Found a bloodstained altar of Trog.
 15924 | Lair:3   | Noticed Nessos
 15950 | Lair:3   | Noticed a seven-headed hydra
 16118 | Lair:3   | Noticed a seven-headed hydra
 16145 | Lair:3   | Killed a seven-headed hydra
 16452 | Lair:3   | Found a hole to the Spider Nest.
 17123 | Lair:4   | Reached skill level 5 in Hexes
 17278 | Lair:4   | Found a gate leading to a gauntlet.
 17388 | Gauntlet | Entered a Gauntlet
 17388 | Gauntlet | Found a transporter.
 17394 | Gauntlet | Noticed a hell beast
 17397 | Gauntlet | Found a transporter.
 17412 | Gauntlet | Found a transporter.
 17413 | Gauntlet | Found a transporter.
 17417 | Gauntlet | Noticed a death scarab
 17422 | Gauntlet | Noticed a death scarab
 17433 | Gauntlet | Found a transporter.
 17449 | Gauntlet | Found a transporter.
 17456 | Gauntlet | Found a transporter.
 17481 | Gauntlet | Found a transporter.
 17483 | Gauntlet | Found a transporter.
 17485 | Gauntlet | Found a runed translucent gate.
 17485 | Gauntlet | Found a runed translucent gate.
 17491 | Gauntlet | Found a transporter.
 17503 | Gauntlet | Found a runed translucent gate.
 17521 | Gauntlet | Found a transporter.
 17521 | Gauntlet | Found a transporter.
 17583 | Gauntlet | a queen bee changed into an entropy weaver
 17583 | Gauntlet | Noticed an entropy weaver (glowing shapeshifter)
 17584 | Gauntlet | an entropy weaver changed into a queen bee
 17592 | Gauntlet | a dream sheep changed into an ice dragon
 17592 | Gauntlet | Noticed an ice dragon (shapeshifter)
 17619 | Gauntlet | Killed a hell beast
 17632 | Gauntlet | Identified the +0 pair of boots of Music {rElec Will+
                  | Str+4}
 17635 | Gauntlet | Noticed a broodmother
 17635 | Gauntlet | a cyclops changed into a two-headed ogre
 17635 | Gauntlet | Noticed a two-headed ogre (glowing shapeshifter)
 17636 | Gauntlet | a two-headed ogre changed into a shining eye
 17775 | Gauntlet | Identified the ring "Zali" {Will+ MP+9 Str+6 Slay+3}
 17883 | Gauntlet | Noticed a minotaur
 17885 | Gauntlet | Hit by a silver javelin thrown by a minotaur

Illustrated notes

Levels and vault maps discovered:
D:1:      reono_arrival_forest_river, layout_basic
D:2:      layout_loops_ring
D:3:      layout_basic, dreamdust_princess_corridor, serial_park_tiny_1,
          solitary_fountain, uniq_jessica
D:4:      black_bear_nest_2, layout_basic, lemuel_crystal_altar,
          minmay_misc_feat_encased, uniq_eustachio
D:5:      dreamdust_elfheim, layout_loops_ring, minmay_temple_entry_mini_moons,
          uniq_grinder, uniq_pikel, uniq_sigmund
D:6:      layout_loops_ring
D:7:      layout_loops_ring, uniq_crazy_yiuf_cottage
D:8:      layout_basic, enter_bailey_4, uniq_psyche, uniq_gastronok, uniq_joseph
D:9:      layout_cave_pods, ebering_ghost_gozag, serial_shops,
          nicolae_stop_n_shop_2, minivault_16
D:10:     layout_basic, kennysheep_vampire_church, lair_entry_dummy, uniq_lodul,
          uniq_urug, uniq_grum
Temple:   nicolae_temple_slightly_damp_pantheon
Lair:1:   layout_small_grid, minmay_lair_oklob_bushes
Lair:2:   layout_layer_cave, swamp_mist, gammafunk_ghost_split,
          chequers_serial_rivers_micro_b, lemuel_oklob_altar, uniq_nergalle
Lair:3:   layout_cave_pods, spider_nest_entry_web_field, grunt_megastairs_1,
          uniq_nessos
Lair:4:   layout_layer_cave, gauntlet_entry_generic, serial_bayou_pond_b
Gauntlet: minmay_gauntlet_mixed_oops_all_seconds
          [minmay_gauntlet_arena_77_run_for_it, nicolae_gauntlet_arena_grate_2,
          minmay_gauntlet_arena_77_box, gammafunk_gauntlet_arena_spirals,
          minmay_gauntlet_arena_77_radiant_squares,
          nicolae_gauntlet_arena_blocks, gauntlet_exit_green]

Skill      XL: |  1  2  3  4  5  6  7  8  9 10 11 12 |
---------------+-------------------------------------+-----
Spellcasting   | 4 5 6 7 9 10 12 | 12.2
Conjurations   | 2 3 4 5 6 7 9 11 12 | 12.6
Axes           | 2 3 4 5 6 |  6.1
Shields        | 1 2 |  2.8
Air Magic      | 2 3 4 |  4.1
Poison Magic   | 2 3 |  3.1
Fighting       | 1 2 |  2.0
Evocations     | 1 |  1.3
Earth Magic    | 1 4 5 |  5.1
Hexes          | 2 5 |  5.2
Dodging        | |  1.7
Stealth        | |  1.7
Summonings     | |  1.0
Translocations | |  0.8
Fire Magic     | |  0.3

Action                   |  1- 3 |  4- 6 |  7- 9 | 10-12 || total
-------------------------+-------+-------+-------+-------++-------
Melee: Dagger            |    41 |       |       |       ||    41
       Hand axe          |    30 |   101 |   318 |   249 ||   698
       Punch             |       |       |     3 |     6 ||     9
 Cast: Magic Dart        |    59 |    87 |   100 |     9 ||   255
       Mephitic Cloud    |       |       |    25 |    44 ||    69
       Hailstorm         |       |       |     7 |    22 ||    29
       Blink             |       |       |     1 |       ||     1
       Stone Arrow       |       |       |       |   270 ||   270
       Fulminant Prism   |       |       |       |     1 ||     1
       Iskenderun's Batt |       |       |       |     7 ||     7
       Fireball          |       |       |       |     4 ||     4
Evoke: Wand              |       |       |       |    19 ||    19
       Phantom mirror    |       |       |       |     1 ||     1
  Use: Scroll            |     7 |     5 |     2 |    12 ||    26
       Potion            |     2 |     3 |     1 |    10 ||    16
 Stab: Sleeping          |     6 |     2 |       |     2 ||    10
       Confused          |       |       |    27 |    25 ||    52
Armor: Robe              |    17 |    25 |    64 |    86 ||   192
Dodge: Dodged            |    62 |    90 |   123 |   188 ||   463
Block: Other             |       |    28 |    47 |    47 ||   122

Table legend: (Time is in decaauts)
 A = Elapsed time spent in this place.
 B = Non-inter-level travel time spent in this place.
 C = Inter-level travel time spent in this place.
 D = Time resting spent in this place.
 E = Time spent auto-exploring this place.
 F = Levels seen in this place.
 G = Mean time per level.
                   A        B        C        D        E       F      G
               +--------+--------+--------+--------+--------+-----+--------+
         Total |  17945 |  17407 |    538 |   2515 |  11416 |  17 | 1055.6 |
       Dungeon |  11874 |  11464 |    410 |   1379 |   7735 |  10 | 1187.4 |
        Temple |     96 |     78 |     18 |      0 |     51 |   1 |   96.0 |
          Lair |   4730 |   4620 |    110 |    688 |   3423 |   4 | 1182.5 |
        Bailey |    765 |    765 |      0 |    275 |     62 |   1 |  765.0 |
      Gauntlet |    479 |    479 |      0 |    172 |    145 |   1 |  479.0 |
               +--------+--------+--------+--------+--------+-----+--------+

Top non-repeatable levels by time:
  Lair:2: 1864 daAuts
     D:9: 1380 daAuts
  Lair:1: 1374 daAuts
     D:5: 1347 daAuts
     D:1: 1338 daAuts
    D:10: 1275 daAuts
     D:7: 1208 daAuts
  Lair:3: 1207 daAuts
     D:4: 1193 daAuts
     D:6: 1109 daAuts
     D:2: 1040 daAuts
     D:3: 1034 daAuts
     D:8: 946 daAuts
  Bailey: 765 daAuts
Gauntlet: 479 daAuts
